 Dungeon Crawl Stone Soup version 0.31.0-11-ge490571c62 (webtiles) character file.

Game seed: 11499303451883547227

46 qw the Shooter (level 3, 0/20 HPs)
             Began as a Deep Elf Hunter on Feb 3, 2024.
             Slain by Sigmund
             ... wielding a +0 scythe
              (6 damage)
             ... on level 2 of the Dungeon.
             The game lasted 00:00:04 (1150 turns).

qw the Shooter (Deep Elf Hunter)                    Turns: 1150, Time: 00:00:05

Health: 0/20       AC:  3    Str:  9 (10) XL:     3   Next: 44%
Magic:  5/5        EV: 12    Int: 10 (13) God:
Gold:   52         SH:  0    Dex: 15 (18) Spells: 2/2 levels left

rFire   . . .        a - +0 shortbow
rCold   . . .        (shield currently unavailable)
rNeg    . . .        c - +0 leather armour
rPois   .            (no helmet)
rElec   .            (no cloak)
rCorr   .            (no gloves)
SInv    .            (no boots)
Will    +....        (no amulet)
Stlth   ++           (no ring)
HPRegen 0.23/turn    (no ring)
MPRegen 0.09/turn

%: no passive effects
@: mighty, enlightened, flying, hasted, very quick
A: no striking features
a: no special abilities


You were on level 2 of the Dungeon.
You visited 1 branch of the dungeon, and saw 2 of its levels.

You collected 52 gold pieces.


   Skills:
 - Level 1.5 Fighting
 + Level 7.0 Ranged Weapons
 - Level 2.4 Dodging
 - Level 1.2 Stealth


You had 2 spell levels left.
You didn't know any spells.
Your spell library was empty.

Inventory:

Hand Weapons
 a - a +0 shortbow (weapon)
Armour
 c - a +0 leather armour (worn)
 h - a +0 pair of gloves
 i - a +0 ring mail
Jewellery
 k - a ring of wizardry
Scrolls
 b - a scroll of immolation {unknown}
 f - a scroll of teleportation {unknown}
Potions
 d - a potion of degeneration

Dungeon Overview and Level Annotations

Branches:
Dungeon (2/15)

Altars:

Annotations:
D:2 Sigmund


Message History

You shoot an arrow. The arrow hits Sigmund.
Sigmund is moderately wounded.
You shoot an arrow. The arrow closely misses Sigmund.
Sigmund barely misses you.
You shoot an arrow. The arrow hits Sigmund.
Sigmund is moderately wounded.
You shoot an arrow. The arrow hits Sigmund.
Sigmund is heavily wounded.
Sigmund hits you from afar with a +0 scythe.
You shoot an arrow. The arrow barely misses Sigmund.
You shoot an arrow. The arrow closely misses Sigmund.
Sigmund closely misses you.
You shoot an arrow. The arrow hits Sigmund.
Sigmund is heavily wounded.
You shoot an arrow. The arrow barely misses Sigmund.
Sigmund mumbles some strange words.
Sigmund flickers and vanishes!
Deactivating autopickup; reactivate with Ctrl-A.
You shoot an arrow. You shoot an arrow. Something hits you but does no damage.
You shoot an arrow. You shoot an arrow. Something hits you.
You shoot an arrow. You shoot an arrow. Something completely misses you.
You shoot an arrow. You shoot an arrow. Something hits you but does no damage.
You shoot an arrow. You shoot an arrow. Something hits you.
You shoot an arrow. You shoot an arrow. Something hits you.
You shoot an arrow. You shoot an arrow. Something hits you.
You die...

... ..## #....# #.##
#..# #.##.# #. #..#
#.##.# # ###..# ##.##.#
.....# #..##># ...##
##.###.#### #
#..#####..# #.....
#####%#.........###....>
.....{.@...##.#.).#.....
..##.##.##.......%|.....
.. #.#####.##.#.##.#. ..
#.# #...##..#.[#..
[##.#.###.###..#(##.#.
..........##...#.##.#.
..(.......##.#..#..#..
..........#....#.##.#.
....%....%#:##........


There were no monsters in sight!

Vanquished Creatures
  An adder (D:2)
  A ribbon worm (D:2)
  A dart slug (D:2)
  3 endoplasms (D:1)
  3 giant cockroaches (D:1)
  A goblin (D:1)
  A hobgoblin (D:2)
  4 kobolds
  3 quokkas (D:1)
  3 ball pythons
  4 bats
  5 frilled lizards
  2 rats
32 creatures vanquished.

Notes
Turn   | Place    | Note
-------+----------+-------------------------------------------
     0 | D:1      | qw the Deep Elf Hunter began the quest for the Orb.
     0 | D:1      | Reached XP level 1. HP: 12/12 MP: 3/3
     0 | D:1      | 0 ||| qw: Version: 0.3-a-157-g843a77d
     0 | D:1      | 0 ||| qw: Game counter: 3799
     0 | D:1      | 0 ||| qw: Melee chars always use a shield: true
     0 | D:1      | 0 ||| qw: God list: Okawaru
     0 | D:1      | 0 ||| qw: Allow faded altars: false
     0 | D:1      | 0 ||| qw: Do Orc after clearing Dungeon:15 true
     0 | D:1      | 0 ||| qw: Do second Lair branch before Depths: true
     0 | D:1      | 0 ||| qw: Lair rune preference: random
     0 | D:1      | 0 ||| qw: Goals: Normal
     0 | D:1      | 0 ||| PLANNING D:1-11
    71 | D:1      | Found a faded altar of an unknown god.
   132 | D:1      | Reached XP level 2. HP: 14/16 MP: 4/4
   133 | D:1      | Reached skill level 6 in Ranged Weapons
   761 | D:1      | 761 ||| READING scroll labelled JIUGHA SAYJAKK.
   862 | D:1      | 862 ||| READING scroll labelled CISAIF TAABIET.
   863 | D:1      | 863 ||| READING scroll labelled XIRITE GAEMYQE.
   864 | D:1      | 864 ||| DROPPING scroll of butterflies.
  1021 | D:2      | Reached XP level 3. HP: 18/20 MP: 5/5
  1089 | D:2      | 1089 ||| FLEEEEING.
  1091 | D:2      | 1091 ||| FLEEEEING.
  1094 | D:2      | 1094 ||| FLEEEEING.
  1095 | D:2      | 1095 ||| FLEEEEING.
  1096 | D:2      | 1096 ||| FLEEEEING.
  1109 | D:2      | Reached skill level 7 in Ranged Weapons
  1112 | D:2      | Noticed Sigmund
  1116 | D:2      | 1116 ||| DRINKING 2 smoky grey potions.
  1117 | D:2      | 1117 ||| DRINKING golden potion.
  1118 | D:2      | 1118 ||| DRINKING puce potion.
  1119 | D:2      | 1119 ||| DRINKING brown potion.
  1150 | D:2      | Slain by Sigmund

Levels and vault maps discovered:
D:1:      minmay_arrival_doors, layout_loops_cross, shapermc_ecumenical_altar_gd
D:2:      layout_rooms, minmay_small_reverse_x, uniq_sigmund

Skill      XL: |  1  2  3 |
---------------+----------+-----
Ranged Weapons | 6 7 |  7.0
Fighting       | |  1.5
Dodging        | |  2.4
Stealth        | |  1.2

Action                     || total
---------------------------++-------
   Fire: Shortbow          ||   122
    Use: Scroll            ||     3
         Potion            ||     4
 Armour: Leather armour    ||    34
  Dodge: Dodged            ||    27

Table legend:
 A = Non-vault XP
 B = Vault XP
 C = Vault XP percentage of total XP
 D = Non-vault monster count
 E = Vault monster count
 F = Vault count percentage of total count
                 A         B        C        D         E       F
            +---------+---------+-------+---------+---------+-------
      Total |      59 |       7 |  10.6 |      28 |       4 |  12.5
            +---------+---------+-------+---------+---------+-------
        D:1 |      32 |       0 |   0.0 |      21 |       0 |   0.0
        D:2 |      27 |       7 |  20.6 |       7 |       4 |  36.4
            +---------+---------+-------+---------+---------+-------
